 Dungeon Crawl Stone Soup version 0.29.0-4-gdea44cf6ec (webtiles) character file.

Game seed: 6527717329930225640

31 qw the Ruffian (level 3, -1/28 HPs)
             Began as a Ghoul Fire Elementalist on Aug 29, 2022.
             Constricted to death by Sigmund (7 damage)
             ... on level 2 of the Dungeon.
             The game lasted 00:01:06 (1589 turns).

qw the Ruffian (Ghoul Fire Elementalist)            Turns: 1589, Time: 00:01:06

Health: -1/28      AC:  2    Str: 13    XL:     3   Next: 22%
Magic:  4/4        EV:  9    Int: 10    God:
Gold:   60         SH:  0    Dex:  9    Spells: 4/5 levels left

rFire   . . .      SeeInvis .     - Unarmed
rCold   + . .      Faith    .   (no shield)
rNeg    + + +      Spirit   .   a - +0 robe
rPois   inf        Reflect  .   (no helmet)
rElec   .          Harm     .   (no cloak)
rCorr   .          Rampage  .   (no gloves)
Will    .....                   (no boots)
Stlth   ++........              (no amulet)
HPRegen 0.00/turn               (no ring)
MPRegen 0.09/turn               (no ring)

@: weak-willed, grasped by roots, inhibited regen, hasted (expiring),
constricted, very quick
A: claws 1, cold resistance 1, negative energy resistance 3, inhibited
regeneration, torment resistance 2, devour on kill
a: no special abilities


You were on level 2 of the Dungeon.
You visited 1 branch of the dungeon, and saw 2 of its levels.

You collected 60 gold pieces.


Innate Abilities, Weirdness & Mutations

You are immune to poison.
You have sharp fingernails.
Your flesh is cold resistant. (rC+)
You are immune to negative energy. (rN+++)
You do not regenerate when monsters are visible.
You are immune to unholy pain and torment.
You thrive by killing the living.


   Skills:
 - Level 1.0 Fighting
 - Level 1.7 Dodging
 - Level 2.1 Stealth
 + Level 2.7 Unarmed Combat
 - Level 1.7 Spellcasting
 - Level 0.7 Conjurations
 - Level 2.4 Fire Magic


You had 4 spell levels left.
You knew the following spells:

 Your Spells              Type           Power      Damage    Failure   Level
a - Foxfire               Conj/Fire      16%        2x1d4     17%         1

Your spell library contained the following spells:

 Spells                   Type           Power      Damage    Failure   Level
 Scorch                   Fire           10%        2d5       19%         2
 Conjure Flame            Conj/Fire      4%         6-21      45%         3
 Inner Flame              Hex/Fire       3%         N/A       52%         3
 Flame Wave               Conj/Fire      4%         2d5       86%         4

Inventory:

Armour
 a - a +0 robe (worn)
Potions
 c - 2 potions of curing
 g - a potion of haste

Dungeon Overview and Level Annotations

Branches:
Dungeon (2/15)

Altars:

Annotations:
D:2 Sigmund


Message History

1557 ||| DROPPING potion of berserk rage.
You drop a potion of berserk rage.
Partly explored, can't reach some items and places.
(D) Dungeon
Where to? (* - list waypoints, ? - help)
What level of the Dungeon? (default 1, ? - help)
Things that are here:
a +0 short sword; a kobold corpse
Things that are here:
a +0 dagger; a goblin corpse
There is a stone staircase leading down here.
You climb downwards.
Sigmund shouts!
Found an escape hatch in the floor.
There is a stone staircase leading up here.
Sigmund is nearby!
Existing waypoints: (2) D:1 Assign waypoint to what number? (0-9, D - delete waypoint) Waypoint 1 assigned to D:2.
1579 ||| Stepping ~*~*~tactically~*~*~ (hiding).
You start waiting.
Sigmund is nearby!
Your extra speed is starting to run out.
Sigmund says, "You will soon forget everything."
Sigmund zaps a wand.
The roots erupt in riotous growth!
The grasping roots grab you!
Sigmund is unaffected.
The grasping roots constrict you!
There is a stone staircase leading up here.
You scratch Sigmund.
Sigmund is lightly wounded.
You scratch Sigmund.
Sigmund is lightly wounded.
Sigmund gestures at you while chanting. The puff of flame hits you.
The grasping roots constrict you.
You scratch Sigmund.
Sigmund is moderately wounded.
Sigmund gestures at you while chanting. The magic dart hits you.
The grasping roots constrict you!
You die...

.#.
######...>.
#.@........
#.@#####....
##. . .. .#.
..#. .. #.
##. ##


You could see Sigmund.

Vanquished Creatures
  2 dart slugs (D:1)
  2 endoplasms (D:1)
  2 goblins (D:1)
  4 hobgoblins (D:1)
  2 jackals (D:1)
  2 kobolds (D:1)
  2 quokkas (D:1)
  A ball python (D:1)
  2 bats (D:1)
  2 frilled lizards (D:1)
  3 rats (D:1)
24 creatures vanquished.

Notes
Turn   | Place    | Note
-------+----------+-------------------------------------------
     0 | D:1      | qw the Ghoul Fire Elementalist began the quest for the Orb.
     0 | D:1      | Reached XP level 1. HP: 14/14 MP: 2/2
     0 | D:1      | 0 ||| qw: Version: 0.1-a-90-g952f4b7
     0 | D:1      | 0 ||| qw: Game counter: 3723
     0 | D:1      | 0 ||| qw: Always use a shield: true
     0 | D:1      | 0 ||| qw: God list: Okawaru
     0 | D:1      | 0 ||| qw: Allow faded altars: false
     0 | D:1      | 0 ||| qw: Do Orc after D:15 true
     0 | D:1      | 0 ||| qw: Do second Lair branch before Depths: true
     0 | D:1      | 0 ||| qw: Lair rune preference: random
     0 | D:1      | 0 ||| qw: Plans: Normal
     0 | D:1      | 0 ||| PLANNING D:1-11
   174 | D:1      | Reached skill level 1 in Unarmed Combat
   443 | D:1      | Reached skill level 1 in Fighting
   443 | D:1      | Reached XP level 2. HP: 20/23 MP: 3/3
   545 | D:1      | 545 ||| Stepping ~*~*~tactically~*~*~ (hiding).
   647 | D:1      | 647 ||| Stepping ~*~*~tactically~*~*~ (hiding).
  1218 | D:1      | Reached XP level 3. HP: 26/28 MP: 4/4
  1353 | D:1      | 1353 ||| Stepping ~*~*~tactically~*~*~ (hiding).
  1550 | D:1      | 1550 ||| READING scroll labelled DAQAGH HATT.
  1551 | D:1      | 1551 ||| READING scroll labelled SOOX LUSAREU.
  1552 | D:1      | 1552 ||| READING scroll labelled DOIPRA QEETSANLAE.
  1553 | D:1      | 1553 ||| DRINKING 3 grey potions.
  1554 | D:1      | 1554 ||| DRINKING 2 amethyst potions.
  1555 | D:1      | 1555 ||| DRINKING 2 silvery potions.
  1556 | D:1      | 1556 ||| DROPPING potion of magic.
  1557 | D:1      | 1557 ||| DROPPING potion of berserk rage.
  1578 | D:2      | Noticed Sigmund
  1579 | D:2      | 1579 ||| Stepping ~*~*~tactically~*~*~ (hiding).
  1589 | D:2      | HP: 6/28 [Sigmund/magic dart (6)]
  1589 | D:2      | Constricted to death by Sigmund

Levels and vault maps discovered:
D:1:      lemuel_arrival_behind_the_door_small, layout_loops_ring,
          serial_bayou_pond_a, kennysheep_nondescript, lemuel_flame_loot_1
D:2:      kb_forest_paths, layout_loops_corners, uniq_sigmund, uniq_jessica

Skill      XL: |  1  2 |
---------------+-------+-----
Unarmed Combat | 1 2 |  2.7
Fighting       | 1 |  1.0
Dodging        | |  1.7
Stealth        | |  2.1
Spellcasting   | |  1.7
Conjurations   | |  0.7
Fire Magic     | |  2.4

Action                   || total
-------------------------++-------
Melee: Unarmed           ||    96
       Punch             ||     1
  Use: Scroll            ||     3
       Potion            ||     3
Armor: Robe              ||    12
Dodge: Dodged            ||    54

Table legend:
 A = Non-vault XP
 B = Vault XP
 C = Vault XP percentage of total XP
 D = Non-vault monster count
 E = Vault monster count
 F = Vault count percentage of total count
                 A         B        C        D         E       F
            +---------+---------+-------+---------+---------+-------
      Total |      45 |       0 |   0.0 |      24 |       0 |   0.0
            +---------+---------+-------+---------+---------+-------
        D:1 |      45 |       0 |   0.0 |      24 |       0 |   0.0
            +---------+---------+-------+---------+---------+-------
